[Event "*** SCC Grand Prix: Titled Tuesday Blitz"]
[Site "Chess.com"]
[Date "2020.07.07"]
[Round "7"]
[White "alexsergeyev"]
[Black "Shushik"]
[Result "0-1"]
[WhiteElo "2338"]
[BlackElo "2213"]
[TimeControl "180+1"]
[EndTime "11:20:58 PDT"]
[Termination "Shushik won on time"]

1. d4 d5 2. c4 e6 3. Nc3 Be7 4. Nf3 Nf6 5. Bg5 O-O 6. e3 Nbd7 7. Qc2 c5 8. cxd5 Nxd5 9. Bxe7 Qxe7 10. Nxd5 exd5 11.
dxc5 Nxc5 12. Bd3 Nxd3+ 13. Qxd3 Bg4 14. Nd4 Bh5 15. O-O Bg6 16. Qb3 Rac8 17. Rac1 Be4 18.
Rc3 Rc7 19. Rfc1 Rfc8 20. f3 Bg6 21. Rxc7 Rxc7 22. Rxc7 Qxc7 23. h3 h6 24. Kf2 Qd7 25. Qc3 Kh7 26. Qc5 b6 27. Qc6 Qd8 28. Qc3 a6 29.
Ne2 Qh4+ 30. Kf1 Qa4 31. a3 Qd1+ 32. Kf2 Bd3 33. Nf4 Qf1+ 34. Kg3 Bg6 35. h4 Qb5 36. h5 Bf5 37. Qe5 Be6 38. Nxe6 fxe6 39. Qxe6 Qxb2 40.
Qg6+ Kh8 41. Qe8+ Kh7 42. Qg6+ Kh8 43. Qd6 Qc3 44. Kf4 Qc4+ 45. Kf5 Qc2+ 46. Ke5 Qxg2 47. Qxd5 Qg5+ 48. Kd4 Qf6+ 49. Qe5 Qxf3 50. Qb8+ Kh7 51. Qxb6 Qxh5 52. Qxa6 Qg4+ 53. e4 Qd7+ 54. Kc5 Qe7+ 55. Kd4 Qd7+ 56. Ke5 Qe7+ 57. Kd5 Qd7+ 58. Qd6 Qb5+ 59.
Ke6 Qb3+ 0-1

[Event "*** SCC Grand Prix: Titled Tuesday Blitz"]
[Site "Chess.com"]
[Date "2020.07.07"]
[Round "7"]
[White "giantslayer83"]
[Black "GM_LOADING"]
[Result "1-0"]
[WhiteElo "2729"]
[BlackElo "2569"]
[TimeControl "180+1"]
[EndTime "11:20:59 PDT"]
[Termination "giantslayer83 won by resignation"]

1. d4 Nf6 2. c4 e6 3. Nf3 Bb4+ 4. Nbd2 b6 5. a3 Bxd2+ 6. Qxd2 Bb7 7. e3 O-O 8. Bd3 d6 9. Qc2 Nbd7 10. b4 Qe7 11.
Bb2 e5 12. dxe5 dxe5 13. e4 a5 14. O-O Rfe8 15. Bc3 axb4 16. axb4 Qe6 17. Rae1 Nh5 18. g3 Nf4 19. Re3 Nxd3 20. Qxd3 Ba6 21. Rd1 Nf6 22. Nxe5 h5 23. b5 Bb7 24. f3 Ra3 25. Nd7 Nxd7 26. Qxd7 Bc8 27. Qxe6 Bxe6 28. Bd4 Rxe3 29.
Bxe3 Bxc4 30. Rc1 Bxb5 31. Rxc7 Be2 32. Kf2 Bd1 33. Bxb6 Rb8 34. Bd4 Ra8 35. h4 Ra2+ 36. Ke3 Re2+ 37. Kf4 Re1 38. Rc1 Rf1 39. Kg5 Kh7 40.
f4 Be2 41. Rxf1 Bxf1 42. Kxh5 Bd3 43. e5 Be2+ 44. Kg5 Bd3 45. h5 Be2 46. g4 Bd3 47.
f5 Bc4 48. Bc5 Kg8 49. Bd6 Be2 50. Ba3 Bd1 51. Bc1 Be2 52. Kh4 Bd1 53. h6 g6 54.
Kg5 gxf5 55. gxf5 Bc2 56. Kf6 Bb3 57. Ke7 Bc2 58. e6 fxe6 59. fxe6 Bb3 60. Kd7 Ba4+ 61. Kd8 Kf8 62. e7+ Kf7 63. Bb2 Kg6 64. Bg7 Kf7 65. Bf8 Kg6 66. e8=Q+ Bxe8 67. Kxe8 Kh7 68. Kf7 Kh8 69. Kg6 Kg8 70. Bc5 1-0

[Event "*** SCC Grand Prix: Titled Tuesday Blitz"]
[Site "Chess.com"]
[Date "2020.07.07"]
[Round "7"]
[White "PowerThinking2650"]
[Black "malakismayil"]
[Result "1/2-1/2"]
[WhiteElo "2310"]
[BlackElo "2145"]
[TimeControl "180+1"]
[EndTime "11:21:01 PDT"]
[Termination "Game drawn - insufficient material"]

1. e4 e5 2. Nf3 Nc6 3. Nc3 Nf6 4. d4 exd4 5. Nxd4 d6 6. Nxc6 bxc6 7.
Bf4 Be7 8. e5 dxe5 9. Qxd8+ Bxd8 10. Bxe5 Bf5 11. O-O-O O-O 12. f3 Nd7 13. Bf4 Nb6 14.
g4 Be6 15. h4 Nd5 16. Bd2 Bf6 17. Ne4 Be7 18. c4 Nb6 19. b3 f5 20. gxf5 Bxf5 21. Bg5 Ba3+ 22. Kc2 Rae8 23. Bd3 h6 24. Be3 Nd7 25. Bd4 Ne5 26. Rhg1 Rf7 27. Rdf1 Rd7 28. Nf6+ Kf7 29. Nxd7 Bxd7 30. Be4 c5 31. Bc3 Bb4 32. h5 Bxc3 33. Kxc3 Bc6 34. Re1 Bxe4 35. Rxe4 Nd7 36. Rf4+ Nf6 37. Kd3 Rd8+ 38. Ke2 Re8+ 39. Kf2 Rd8 40.
Re1 Rd2+ 41. Re2 Rd1 42. Rf5 Rh1 43. Rxc5 Nxh5 44. Rxc7+ Kg6 45. Rc6+ Nf6 46. Ree6 Rh2+ 47. Kg3 Rxa2 48. c5 Kg5 49. Re5+ Kg6 50. b4 Rb2 51. Re4 h5 52. Rc4 Kf5 53. Rxf6+ gxf6 54. c6 h4+ 55.
Kxh4 Rh2+ 56. Kg3 Rh8 57. b5 Rc8 58. Rc5+ Ke6 59. Kf4 Kd6 60. Rc4 Kc7 61. Rc3 Kb6 62.
Kf5 Kxb5 63. c7 Kb6 64. Kxf6 Rxc7 65. Rxc7 Kxc7 66. Ke7 a5 67. f4 a4 68. f5 a3 69.
f6 a2 70. f7 a1=Q 71. f8=Q Qa3+ 72. Kf7 Qxf8+ 73. Kxf8 1/2-1/2

[Event "*** SCC Grand Prix: Titled Tuesday Blitz"]
[Site "Chess.com"]
[Date "2020.07.07"]
[Round "7"]
[White "ARMQUEEN"]
[Black "Munkhzul_Turmunkh"]
[Result "0-1"]
[WhiteElo "2420"]
[BlackElo "2607"]
[TimeControl "180+1"]
[EndTime "11:21:02 PDT"]
[Termination "Munkhzul_Turmunkh won by resignation"]

1. e4 c5 2. Nc3 Nc6 3. Bb5 Nd4 4. Bc4 e6 5. Nge2 Nf6 6. O-O a6 7. a4 d5 8. exd5 exd5 9. Ba2 Bd6 10. Nxd4 cxd4 11. Re1+ Be6 12. Ne2 d3 13. cxd3 O-O 14.
Ng3 Rc8 15. d4 Qb6 16. d3 Qxd4 17. Bg5 Ng4 18. Re2 Bc5 19. Qf1 h6 20. Bd2 Qf6 21. Bc3 Bd4 22. Bxd4 Qxd4 23. h3 Ne5 24. Rd2 Bxh3 25.
Ne2 Qb6 26. Kh1 Bf5 27. Bxd5 Bxd3 28. f4 Ng4 29. Qf3 Bxe2 30. Rxe2 Nf6 31. Bb3 Rc5 32.
g3 Qb4 33. Kg2 b6 34. Rae1 Rc7 35. Bc2 Rd7 36. b3 Qc5 37. Bb1 a5 38. g4 Qb4 39.
Rh1 Nd5 40. g5 Nxf4+ 41. Kg3 Nxe2+ 42. Qxe2 Qd6+ 43. Kg2 Qd2 44. Kf2 Qxe2+ 45. Kxe2 Re8+ 46. Kf3 hxg5 47. Bh7+ Kf8 48. Be4 Rc7 49. Bd5 Rc3+ 50. Kg4 Rd8 51. Bc4 Rd4+ 52. Kxg5 Rcxc4 53. bxc4 Rxc4 54. Kf5 Rc5+ 55. Ke4 Rc4+ 56. Kd5 Rxa4 57. Kd6 g6 58. Ke5 Kg7 59. Rb1 Rb4 60. Rc1 a4 61. Kd5 a3 62.
Ra1 Rb3 63. Kc4 Rf3 64. Kb5 g5 65. Kxb6 Kg6 66. Kc5 g4 67. Kd4 Kg5 68. Ke4 f5+ 69. Ke5 g3 70. Kd4 Kg4 71. Rg1 f4 72. Ke5 Re3+ 73.
Kd4 a2 74. Kc4 Re2 75. Kd3 f3 76. Rc1 g2 77. Rc4+ Kg3 78. Rc1 Rf2 79. Ke3 Rf1 80.
Rc2 g1=Q+ 0-1

[Event "*** SCC Grand Prix: Titled Tuesday Blitz"]
[Site "Chess.com"]
[Date "2020.07.07"]
[Round "7"]
[White "GameOverBro"]
[Black "QuintilianoR"]
[Result "1/2-1/2"]
[WhiteElo "2505"]
[BlackElo "2656"]
[TimeControl "180+1"]
[EndTime "11:21:04 PDT"]
[Termination "Game drawn - insufficient material"]

1. e4 c5 2. Ne2 d6 3. g3 Nf6 4.
Bg2 Nc6 5. c3 Bg4 6. f3 Bd7 7. d4 e5 8. Be3 cxd4 9. cxd4 d5 10.
Nbc3 dxe4 11. fxe4 exd4 12. Nxd4 Ng4 13. Bg1 Nge5 14.
Nf5 g6 15. Nd6+ Bxd6 16. Qxd6 Bg4 17. Qxd8+ Rxd8 18. Nd5 O-O 19. h3 Be6 20. Be3 f5 21.
Rd1 fxe4 22. Bxe4 Rde8 23. Bh6 Rf7 24. Kd2 Rd8 25. Kc1 Rc8 26. Kb1 Bf5 27. Rhe1 Bxe4+ 28. Rxe4 Rd8 29. Rxe5 Nxe5 30. Nf6+ Rxf6 31. Rxd8+ Kf7 32.
Rb8 Rf1+ 33. Kc2 b6 34. Rb7+ Ke6 35. Rxh7 Rf2+ 36. Kc3 Rf3+ 37. Kc2 Rxg3 38. Bf4 Rg2+ 39. Kc3 Nf7 40. h4 Rf2 41. Bg5 Rf3+ 42. Kc2 a5 43. a3 Ne5 44. Re7+ Kd5 45. Rb7 Nc4 46. Rd7+ Kc6 47.
Rg7 Rf2+ 48. Kc3 Nd6 49. Rxg6 b5 50. b4 Kd5 51. Be7 Rf3+ 52. Kd2 Nc4+ 53. Kc2 Nxa3+ 54. Kd1 axb4 55. Bxb4 Nc4 56. Rg5+ Kc6 57. h5 Rh3 58.
Rg6+ Kd5 59. h6 Ne3+ 60. Ke2 Nf5 61. Bd2 Nd4+ 62. Kf2 Ne6 63. Rf6 Rh5 64. Rg6 Nc5 65. Be3 Ne4+ 66. Kf3 Rh3+ 67. Kf4 Rh4+ 68. Kf3 Rh3+ 69.
Kf4 Nc3 70. Bd2 Ne2+ 71. Kg4 Rg3+ 72. Kf5 Nd4+ 73. Kf6 Rh3 74. Bg5 Ne6 75. Kf7 Nxg5+ 76. Rxg5+ Kc4 77. Kg6 b4 78. h7 Rxh7 79. Kxh7 b3 80.
Rg2 Kc3 81. Kg6 b2 82. Rxb2 Kxb2 1/2-1/2

[Event "*** SCC Grand Prix: Titled Tuesday Blitz"]
[Site "Chess.com"]
[Date "2020.07.07"]
[Round "7"]
[White "Maghalashvili"]
[Black "GothamChess"]
[Result "1-0"]
[WhiteElo "2765"]
[BlackElo "2589"]
[TimeControl "180+1"]
[EndTime "11:21:06 PDT"]
[Termination "Maghalashvili won by checkmate"]

1. Nf3 f5 2. g3 Nf6 3. Bg2 g6 4. O-O Bg7 5. d4 O-O 6. c4 d6 7. Nc3 e6 8. Qc2 Nc6 9. e4 e5 10. dxe5 dxe5 11. Rd1 Qe8 12. Nd5 Rf7 13. Ng5 Rd7 14.
exf5 Nd4 15. Rxd4 exd4 16. Bf4 c6 17. Nxf6+ Bxf6 18. fxg6 hxg6 19. Be4 Bxg5 20. Bxg5 Rd6 21. c5 Re6 22. Qc4 Kh7 23. Re1 Bd7 24. Qxd4 Qf7 25. Re3 Rae8 26. h4 Qg7 27. Qd3 Kg8 28. Qb3 Kh8 29. Bc2 Rxe3 30. Bxe3 Bf5 31. Bxf5 gxf5 32. Qd3 Qf7 33. Bd4+ Kg8 34. Be3 Qe6 35. a4 Qd5 36.
Qc3 Rd8 37. Qf6 Rd7 38. Qg6+ Kf8 39. Bh6+ Ke7 40. Bg5+ Kf8 41. Qf6+ Kg8 42. Bf4 Qd1+ 43. Kh2 Qf3 44. Qg6+ Rg7 45. Qe8+ Kh7 46. Qe1 Qe4 47. Qc1 Rd7 48. Be3 Qf3 49. Qc4 Kg6 50. Qg8+ Kf6 51. Qf8+ Ke6 52. Qe8+ Re7 53. Qg8+ Kd7 54. Bf4 Qe4 55. Be3 Re6 56. Qb8 Re7 57. Qxb7+ Ke6 58. Qb8 f4 59. Qd6+ Kf7 60. Bxf4 Qf5 61. Be3 Re6 62.
Qd7+ Kf8 63. Qd4 Ke7 64. Qh8 Qe4 65. Qg7+ Ke8 66. Qxa7 Rf6 67. Qb8+ Kf7 68. Qc7+ Kg6 69. Qc8 Qf3 70. Qg8+ Kf5 71. Qg5+ Ke6 72. Kg1 Qd1+ 73. Kh2 Qf3 74. h5 Rf5 75. Qg6+ Kd5 76. g4 Re5 77.
Qd6+ Ke4 78. Qd4# 1-0

[Event "*** SCC Grand Prix: Titled Tuesday Blitz"]
[Site "Chess.com"]
[Date "2020.07.07"]
[Round "7"]
[White "fmshawnrl123"]
[Black "SARGISMV"]
[Result "1-0"]
[WhiteElo "2654"]
[BlackElo "2487"]
[TimeControl "180+1"]
[EndTime "11:21:07 PDT"]
[Termination "fmshawnrl123 won by checkmate"]

1. c4 c5 2. g3 g6 3. Bg2 Bg7 4. Nc3 Nc6 5. e4 Nf6 6. Nge2 d6 7. O-O O-O 8. d3 a6 9. h3 Rb8 10. a4 Ne8 11. Be3 Nc7 12. d4 cxd4 13. Nxd4 Ne6 14.
Nde2 Qa5 15. Rc1 Re8 16. b3 Nc5 17. Bd2 Qb6 18. Rb1 Nb4 19. Nf4 e6 20. h4 Ncd3 21. Nxd3 Nxd3 22. Be3 Nc5 23. b4 Bxc3 24. bxc5 Qa5 25.
cxd6 Bd7 26. h5 Bxa4 27. Qd3 Be5 28. hxg6 hxg6 29. d7 Rf8 30. Bb6 Qc3 31. Qxc3 Bxc3 32. d8=Q Rfxd8 33. Bxd8 Rxd8 34. Rxb7 a5 35. Rfb1 Rd2 36.
Ra7 Bc2 37. Rb8+ Kg7 38. Rbb7 Bd4 39. Rxf7+ Kh6 40. Rxa5 Bd3 41. c5 Rc2 42. c6 Rxc6 43. Rd7 e5 44. Rxe5 Bxe5 45. Rxd3 Rc1+ 46. Kh2 Rc2 47. f4 Bc3 48. Kh3 Be1 49. e5 Rc3 50.
Be4 Rxd3 51. Bxd3 g5 52. Kg4 gxf4 53. gxf4 Bc3 54. Kf5 Kg7 55. Ke6 Kf8 56. f5 Bb4 57. f6 Ba3 58. Kd7 Bb2 59. Kd6 Ba1 60. Ke6 Bc3 61.
Kd5 Kf7 62. Ke4 Bb2 63. Kf5 Ba3 64. Bc4+ Kf8 65. e6 Bb4 66. Ke4 Ba3 67. Kd5 Bb4 68.
Bb5 Ba3 69. Kc6 Bb4 70. Kd7 Bc3 71. e7+ Kf7 72. e8=Q+ Kxf6 73. Qe6+ Kg5 74. Qd5+ Kf4 75. Qc4+ Bd4 76. Qxd4+ Kf5 77. Bd3+ Kg5 78. Qe5+ Kh6 79. Qf4+ Kh5 80. Qf5+ Kh6 81. Qg6# 1-0

[Event "*** SCC Grand Prix: Titled Tuesday Blitz"]
[Site "Chess.com"]
[Date "2020.07.07"]
[Round "7"]
[White "chessfrendz"]
[Black "shineatchess"]
[Result "0-1"]
[WhiteElo "2304"]
[BlackElo "2184"]
[TimeControl "180+1"]
[EndTime "11:21:07 PDT"]
[Termination "shineatchess won on time"]

1. d4 Nf6 2. c4 e6 3. Nf3 d5 4. Nc3 Be7 5. Bf4 O-O 6. e3 b6 7.
Rc1 Bb7 8. cxd5 Nxd5 9. Nxd5 Qxd5 10. a3 c5 11. Bc4 Qd8 12. O-O Nd7 13. d5 exd5 14.
Bxd5 Bxd5 15. Qxd5 Nf6 16. Qb7 Re8 17. b4 Qc8 18.
Qxc8 Raxc8 19. bxc5 Rxc5 20. Rxc5 Bxc5 21. a4 Re4 22. Ra1 Nd5 23. Bb8 a5 24. Nd2 Rb4 25.
Be5 f6 26. Bd4 Bxd4 27. exd4 Rxd4 28. Nf3 Rb4 29. g3 Nc3 30. Ra3 Nxa4 31. Nd2 Nc5 32. Rc3 a4 33. Nc4 Ne4 34. Rc1 Kf7 35. f3 Ng5 36. Kg2 b5 37. Nd6+ Ke6 38. Nb7 Rb2+ 39. Kf1 a3 40. Nc5+ Kd5 41. f4 Nf3 42. Nd3 Rd2 43.
Nb4+ Kd4 44. h3 Nh2+ 45. Ke1 Nf3+ 46. Kf1 a2 47. Nc6+ Kd5 48. Nb4+ Kd6 49. Rc6+ Kd7 50. Ra6 Rd1+ 51. Ke2 a1=Q 52. Rxa1 Rxa1 53. Kxf3 Rb1 54. Nd5 b4 55. Nb6+ Kc6 56. Nc4 b3 57. Ke4 b2 58.
Na3 Re1+ 59. Kd3 b1=Q+ 60. Nxb1 Rxb1 61. Ke3 Kd5 62. Kf3 Rb3+ 0-1

[Event "*** SCC Grand Prix: Titled Tuesday Blitz"]
[Site "Chess.com"]
[Date "2020.07.07"]
[Round "7"]
[White "Azatic"]
[Black "Mikhal867"]
[Result "1-0"]
[WhiteElo "2502"]
[BlackElo "2370"]
[TimeControl "180+1"]
[EndTime "11:21:10 PDT"]
[Termination "Azatic won on time"]

1. e4 g6 2. d4 Bg7 3. Nc3 d6 4.
f4 a6 5. Nf3 b5 6. Bd3 Bb7 7.
Be3 Nh6 8. Qe2 Nd7 9. h3 c5 10. dxc5 Nxc5 11. Bxc5 dxc5 12. e5 Nf5 13. Be4 Ng3 14.
Bxb7 Nxe2 15. Kxe2 O-O 16. Bxa8 Qxa8 17. Rad1 f6 18. Rd7 fxe5 19. fxe5 e6 20. Rhd1 b4 21. Na4 Qe4+ 22. Kf1 Bxe5 23. Nxc5 Qc4+ 24. Nd3 Bxb2 25. Kg1 Qxc2 26. Nxb2 Qxb2 27. Rb7 Rf7 28. Rd8+ Kg7 29.
Rbb8 a5 30. Rg8+ Kh6 31. h4 Qxa2 32. Rh8 Qa1+ 33. Kh2 Rxf3 34. gxf3 Qe5+ 35. Kh3 Qf5+ 36. Kg3 Qe5+ 37. f4 Qe3+ 38. Kg4 Qe2+ 39. Kg3 Qe1+ 40. Kg4 Qg1+ 41. Kh3 Qh1+ 42. Kg3 Qg1+ 43. Kh3 Qe3+ 44.
Kg4 Qe2+ 45. Kg3 Qd3+ 46. Kg4 Qf5+ 47. Kg3 e5 48. fxe5 Qxe5+ 49. Kg4 Qe6+ 50. Kg3 Qd6+ 51. Kg4 Qd7+ 52. Kg3 Kh5 53. Rbd8 Qc7+ 54. Kh3 Qc3+ 55. Kg2 Kxh4 56. Rxh7+ Kg4 57. Rhd7 Qc2+ 58. Rd2 Qc6+ 59. Kf2 b3 60. R8d4+ Kh5 61. Ke3 a4 62. Rh2+ Kg5 63. Rhh4 b2 64. Rhg4+ Kf5 65. Rdf4+ Ke5 66. Rg5+ Kd6 67.
Rxg6+ Kd7 68. Rf7+ Ke8 69. Rxc6 b1=Q 70. Rfc7 Qb3+ 71. Rc3 Qb6+ 72. Kd2 Qd6+ 73. Kc2 Qg6+ 74. Kb2 Qb6+ 75. Ka3 Qf6 76. Kxa4 1-0

[Event "*** SCC Grand Prix: Titled Tuesday Blitz"]
[Site "Chess.com"]
[Date "2020.07.07"]
[Round "7"]
[White "IMHansNiemann"]
[Black "CarlosAlbornoz"]
[Result "1/2-1/2"]
[WhiteElo "2928"]
[BlackElo "2811"]
[TimeControl "180+1"]
[EndTime "11:21:13 PDT"]
[Termination "Game drawn by repetition"]

1. d4 Nf6 2. Nc3 d5 3. Bf4 a6 4. e3 c5 5. Nf3 Nc6 6. Ne5 Bf5 7.
g4 Bg6 8. h4 h6 9. Nxg6 fxg6 10. Qd3 Kf7 11. Bh3 e6 12. Ne2 Ne4 13. Bg2 Nf6 14.
g5 hxg5 15. Bxg5 Qb6 16. Nf4 Ne7 17. dxc5 Qxc5 18. O-O-O Nf5 19. Kb1 Bd6 20. Bxf6 gxf6 21. Nxe6 Kxe6 22. Bxd5+ Kd7 23. h5 Ne7 24. Qe4 Rxh5 25.
Rxh5 gxh5 26. Bxb7 Rb8 27. Bxa6 Qb6 28. Qa4+ Nc6 29. b3 Kc7 30. Be2 Qc5 31. Qe4 Be5 32. f4 Bc3 33. Rd3 Rd8 34. Rxd8 Nxd8 35. Qh7+ Kb6 36.
Qd3 Nc6 37. a3 Be1 38. b4 Qc3 39. Qa6+ Kc7 40. Bf3 h4 41. b5 Na5 42. b6+ Kd7 43.
b7 Nxb7 44. Qxb7+ Kd6 45. Qd5+ Ke7 46. Qe4+ Kf8 47. Qd3 Qxd3 48. cxd3 h3 49. Kc2 h2 50.
d4 Ke7 51. Kd3 f5 52. e4 fxe4+ 53. Kxe4 Ba5 54. a4 Kd6 55. f5 Bd8 56. Bh1 Bf6 57.
Kd3 Bd8 58. Kc4 Bb6 59. d5 Ba5 60. Kb5 Bd2 61. f6 Bg5 62. f7 Ke7 63. a5 Kxf7 64. d6 Ke8 65. a6 Be3 66. Kc6 Kd8 67. Bg2 Bf2 68. Kd5 Bg1 69. Ke6 Ba7 70. Bh1 Bg1 71.
Kd5 Ba7 72. Kc6 Bg1 73. d7 Bf2 74. Kd6 Ba7 75. Ke6 Bg1 76. Kf5 Kxd7 77. Kg4 Kc7 78. Kh3 Kb8 79. Kg2 Ka7 80. Kg3 Kxa6 81. Kg2 Ka5 82. Kf3 Kb4 83. Ke2 Kc5 84. Kf3 Kb6 85. Kg3 Ka6 86. Kf3 Kb6 87. Kg3 Ka6 1/2-1/2

[Event "*** SCC Grand Prix: Titled Tuesday Blitz"]
[Site "Chess.com"]
[Date "2020.07.07"]
[Round "7"]
[White "snap_man"]
[Black "Bacyanide"]
[Result "0-1"]
[WhiteElo "2299"]
[BlackElo "2452"]
[TimeControl "180+1"]
[EndTime "11:21:23 PDT"]
[Termination "Bacyanide won by resignation"]

1. Nf3 d5 2. g3 c5 3. Bg2 Nc6 4. b3 e5 5. O-O Nf6 6. Bb2 Bd6 7. d3 O-O 8. c4 d4 9. Na3 Re8 10. Nd2 Bf5 11. Nc2 e4 12. Nxe4 Nxe4 13. dxe4 Bxe4 14. Bxe4 Rxe4 15. e3 Be7 16. exd4 Bf6 17. Qd3 Re7 18. Rad1 Rd7 19. a3 cxd4 20. b4 Ne5 21. Qf5 Nxc4 22. Bc1 d3 23. Ne3 Nxe3 24. Bxe3 a5 25. b5 Rc8 26. Rd2 g6 27. Qe4 Rc3 28. a4 h5 29.
Rfd1 Kg7 30. Qf4 Rd5 31. Qe4 Qd7 32. Bb6 Bg5 33. f4 Bf6 34. Bxa5 Rb3 35. Bb6 Bd4+ 36. Bxd4+ Rxd4 37. Qe5+ Kh7 38. Qe3 Rxa4 39. Rxd3 Rxd3 40. Qxd3 Qe6 41. Kh1 Ra2 42. Qd5 Qxd5+ 43. Rxd5 Rb2 44. Kg1 Kg7 45. Re5 Kf6 46. h4 Kg7 47. Kh1 Kf8 48. Kg1 f6 49. Re6 Rxb5 50. Rxf6+ Kg7 51. Rd6 Rb2 52. Rd8 b5 53. Rb8 Kf6 54. Rb6+ Kf5 55. Kf1 b4 56. Ke1 b3 57. Kd1 Rb1+ 58. Kd2 b2 59.
Kc2 Rg1 60. Kxb2 Rxg3 61. Kc2 Kxf4 62. Kd2 Rg4 63. Rb4+ Kg3 64. Rb3+ Kxh4 65. Ke2 Rf4 66. Ke3 g5 67. Rb1 Kg4 68. Rg1+ Kf5 69. Rh1 h4 70.
Rh3 Kg4 71. Rh1 h3 72. Rg1+ Kh4 73. Rh1 Rf7 0-1

[Event "*** SCC Grand Prix: Titled Tuesday Blitz"]
[Site "Chess.com"]
[Date "2020.07.07"]
[Round "7"]
[White "vpsetter"]
[Black "dalmatinac101"]
[Result "1-0"]
[WhiteElo "2648"]
[BlackElo "2794"]
[TimeControl "180+1"]
[EndTime "11:21:26 PDT"]
[Termination "vpsetter won on time"]

1. e4 g6 2. d4 d6 3. f4 Bg7 4. Nf3 Nf6 5. Bd3 O-O 6. O-O c5 7. e5 Nd5 8. Be4 Nc7 9. dxc5 d5 10. Bd3 Nba6 11. Be3 Bg4 12. c3 Ne6 13. Bxa6 bxa6 14.
h3 Bf5 15. Nd4 Rb8 16. Nc6 Qc7 17. Nxb8 Rxb8 18. b4 a5 19. a3 Rd8 20. Bd4 Bh6 21. Qd2 Kh8 22. g4 Be4 23. Qe3 f5 24. g5 Bg7 25. Nd2 h5 26. Nb3 a4 27. Nd2 Kh7 28. Nxe4 fxe4 29. f5 gxf5 30. Rxf5 Kg6 31. Raf1 Qc8 32. h4 Rf8 33. Rxf8 Nxf8 34. e6 Nxe6 35.
Bxg7 Nxg7 36. Qf4 Qh3 37. Qf7+ Kh7 38. Qf4 Qxc3 39. c6 Qxc6 40. Qf7 Qc3 41. g6+ Kh6 42. Qf4+ Kxg6 43. Qg5+ Kh7 44. Rf7 Qe1+ 45. Kg2 Qe2+ 46.
Kg1 Qg4+ 47. Qxg4 hxg4 48. Rxe7 a6 49. h5 Kh6 50. Rd7 Kxh5 51. Rxd5+ Kh4 52. Re5 Kg3 53.
Rxe4 Nf5 54. Re6 Nd4 55. Rxa6 Kf3 56. Rf6+ Ke4 57. Kg2 Nb5 58. Ra6 Nxa3 59. Rxa4 Nb5 60. Ra5 Nd4 61. Rc5 Ne6 62. Rc6 Kd5 63. Rc8 Kd6 64.
b5 Kd7 65. Rc4 Nc7 66. b6 Na6 67. b7 1-0

[Event "*** SCC Grand Prix: Titled Tuesday Blitz"]
[Site "Chess.com"]
[Date "2020.07.07"]
[Round "7"]
[White "Mykola-Bortnyk"]
[Black "Micki-taryan"]
[Result "0-1"]
[WhiteElo "2846"]
[BlackElo "3047"]
[TimeControl "180+1"]
[EndTime "11:21:27 PDT"]
[Termination "Micki-taryan won by checkmate"]

1. e4 e5 2. Nf3 Nc6 3. Bc4 Bc5 4. b4 Bxb4 5. c3 Be7 6. d4 Na5 7. Be2 d6 8. dxe5 dxe5 9. Qa4+ c6 10. Nxe5 b5 11.
Qc2 Qc7 12. Nf3 Nf6 13. O-O O-O 14. Bg5 Bg4 15. Nbd2 a6 16. Rfe1 Rfe8 17. Bh4 Nb7 18. Bg3 Qc8 19. e5 Bf5 20. Bd3 Bxd3 21. Qxd3 Nc5 22.
Qc2 Nh5 23. Rad1 Qg4 24. Ne4 Qg6 25. Qb1 Nxg3 26. hxg3 Rad8 27. Rd4 Ne6 28. Rdd1 c5 29. a4 b4 30. Rxd8 Rxd8 31. Qb3 Nf8 32. cxb4 cxb4 33.
Qe3 h6 34. Nd4 Rd5 35. f4 Ne6 36. f5 Qg4 37. fxe6 fxe6 38. Nc6 Bf8 39. Rf1 Rd1 40. Qf3 Rxf1+ 41. Kxf1 Qg6 42. Nd4 Qe8 43. Qb3 Kh8 44. Qxe6 Qxa4 45. Qd5 Qd1+ 46. Kf2 b3 47. Nc3 Qd2+ 48.
Nde2 Qc2 49. Qd8 Kg8 50. Ke3 b2 51. Qd5+ Kh8 52. Qd8 Kg8 53. Qd3 Qc1+ 54. Ke4 Qg5 55. Qd5+ Kh7 56. e6 Qg6+ 57. Qf5 a5 58. Nb1 a4 59. Nec3 a3 60. g4 Be7 61. g3 Qxf5+ 62.
gxf5 h5 63. Na2 Kh6 64. Kf4 Bf6 65. Nb4 Kh7 66. Na2 Be7 67. Ke4 Kh6 68. Kd5 Kg5 69.
Kc6 Kxf5 70. Kd7 Kf6 71. Nac3 g5 72. Nd5+ Ke5 73. Ndc3 Kf6 74. Ne4+ Ke5 75. Nec3 Bb4 76. Na2 Bf8 77. Nac3 h4 78. gxh4 gxh4 79. Ke8 Kxe6 80.
Kxf8 h3 81. Nxa3 h2 82. Kg7 h1=Q 83. Nab1 Qg2+ 84. Kh6 Qc2 85. Kg5 Ke5 86. Kg4 Qg2+ 87. Kh5 Kf5 88. Kh4 Qg4# 0-1

[Event "*** SCC Grand Prix: Titled Tuesday Blitz"]
[Site "Chess.com"]
[Date "2020.07.07"]
[Round "7"]
[White "angryhorse9"]
[Black "Artem_Sadovsky"]
[Result "0-1"]
[WhiteElo "2399"]
[BlackElo "2538"]
[TimeControl "180+1"]
[EndTime "11:21:28 PDT"]
[Termination "Artem_Sadovsky won by resignation"]

1. e4 g6 2. d4 Bg7 3. Nc3 d6 4. f4 Nd7 5. Nf3 c5 6. d5 a6 7.
a4 Ngf6 8. Bd3 O-O 9. O-O Rb8 10. Kh1 b5 11. axb5 axb5 12. Nxb5 Nxe4 13. c4 Ndf6 14. Qc2 Bf5 15. g4 Bxg4 16. Bxe4 e6 17. dxe6 fxe6 18.
Bd3 e5 19. fxe5 dxe5 20. Nxe5 Bc8 21. Be2 Bb7+ 22. Bf3 Ng4 23. Bxb7 Rxf1+ 24. Kg2 Bxe5 25. Bd5+ Kh8 26. Kxf1 Qh4 27. Ra8 Nxh2+ 28. Kg2 Rxa8 29. Bxa8 Qg3+ 30. Kh1 Ng4 31. Qg2 Qh4+ 32. Kg1 Qe1+ 33. Qf1 Qg3+ 34. Qg2 Qe1+ 35. Qf1 Bh2+ 36. Kg2 Qg3+ 37.
Kh1 Nf2+ 38. Qxf2 Qxf2 39. Be3 Qxe3 40. Kxh2 Qd2+ 41. Kg3 Qxb2 42. Bd5 Qb4 43. Kf4 Kg7 44. Ke5 Kh6 45. Kd6 Kg5 46. Nc7 Kf4 47. Ne6+ Ke3 48. Kc6 h5 49. Nxc5 h4 50. Be6 g5 51.
Nd7 Qa4+ 52. Kd6 Qa6+ 53. Kd5 Qa5+ 54. c5 Kf4 55. Kd6 Qa6+ 56. c6 g4 57. Bd5 h3 58.
Nc5 Qb6 59. Nd7 Qd8 60. c7 Qc8 61. Nb6 Qf8+ 62. Kc6 g3 63. c8=Q Qxc8+ 64. Nxc8 g2 65. Bxg2 hxg2 66. Ne7 g1=Q 67. Nd5+ 0-1

[Event "*** SCC Grand Prix: Titled Tuesday Blitz"]
[Site "Chess.com"]
[Date "2020.07.07"]
[Round "7"]
[White "amylazy"]
[Black "monalize"]
[Result "0-1"]
[WhiteElo "2411"]
[BlackElo "2270"]
[TimeControl "180+1"]
[EndTime "11:21:29 PDT"]
[Termination "monalize won by checkmate"]

1. d4 Nf6 2. Nf3 d6 3. g3 g6 4. Bg2 Bg7 5. O-O O-O 6. a4 a5 7. Re1 c6 8. Nc3 Na6 9. e4 Nb4 10. h3 Qc7 11. Bf4 Nh5 12. Be3 e5 13. d5 Nf6 14. Qd2 cxd5 15. exd5 Bd7 16. Rac1 Rac8 17. Kh2 Nh5 18. Nb5 Bxb5 19. axb5 Qc4 20. c3 Nd3 21. Bf1 Nxe1 22. Nxe1 Qc7 23. b6 Qd7 24. c4 f5 25. Bg5 Nf6 26. Bxf6 Bxf6 27. Qxa5 e4 28.
b4 Bd4 29. c5 Bxf2 30. c6 Qg7 31. Qa2 Bxe1 32. Rxe1 bxc6 33. dxc6+ Kh8 34. b7 Rxc6 35. Qa5 Qxb7 36. b5 Rc2+ 37. Kg1 e3 38. Rxe3 f4 39. Qa1+ Qg7 40. Qxg7+ Kxg7 41. gxf4 Rb2 42. Re7+ Rf7 43. Re6 Rxf4 44. Re7+ Rf7 45. Re1 d5 46. Rd1 d4 47.
h4 Rd7 48. Bd3 Kf6 49. Rf1+ Ke5 50. Re1+ Kf4 51. Re4+ Kg3 52. Re1 Rb4 53. h5 gxh5 54.
Kh1 h4 55. Rg1+ Kf4 56. Rf1+ Ke3 57. Bf5 d3 58. Bxd7 d2 59. Kg2 Ke2 60. Bg4+ Rxg4+ 61. Kh3 Kxf1 62. Kxg4 d1=Q+ 63. Kxh4 Qb3 64. Kg5 Qxb5+ 65.
Kh6 Qd5 66. Kxh7 Kf2 67. Kg6 Kf3 68. Kf6 Kf4 69. Kg6 Qe5 70. Kh6 Qf5 71. Kg7 Qg4+ 72.
Kf6 Ke4 73. Ke7 Qg5+ 74. Kd6 Kd4 75. Ke6 Ke4 76. Kf7 Qh6 77. Kg8 Ke5 78. Kf7 Kd5 79.
Kg8 Qe6+ 80. Kg7 Ke5 81. Kh7 Qf6 82. Kg8 Qe7 83. Kh8 Kf6 84. Kg8 Qg7# 0-1

[Event "*** SCC Grand Prix: Titled Tuesday Blitz"]
[Site "Chess.com"]
[Date "2020.07.07"]
[Round "7"]
[White "rpragchess"]
[Black "Konavets"]
[Result "1-0"]
[WhiteElo "2826"]
[BlackElo "2948"]
[TimeControl "180+1"]
[EndTime "11:21:30 PDT"]
[Termination "rpragchess won on time"]

1. e4 c6 2. d4 d5 3. exd5 cxd5 4. Bd3 Nc6 5. c3 Qc7 6. h3 g6 7. Nf3 Bf5 8. O-O Bxd3 9. Qxd3 Bg7 10. Bg5 Nh6 11. Nh4 f6 12. Bxh6 Bxh6 13. Na3 a6 14.
Rfe1 O-O 15. Nf3 Rad8 16. Re6 Rd6 17. Qe2 Qd7 18. Rxd6 Qxd6 19. Re1 Re8 20. c4 e5 21.
cxd5 Qxd5 22. Qc4 Qxc4 23. Nxc4 b5 24. Nd6 Rd8 25. dxe5 Nxe5 26. Nxe5 Rxd6 27. Nf3 Kf7 28. g3 Rc6 29. Re2 Bg7 30. Rd2 Ke7 31. h4 f5 32.
h5 gxh5 33. Nh4 Ke6 34. Re2+ Kf6 35. f4 Bf8 36. b3 Re6 37. Rc2 Be7 38. Kf2 Rd6 39.
Nf3 Bd8 40. Ne5 Bb6+ 41. Kf3 Bd4 42. Nc6 Bb6 43. Ne5 Bd4 44. Nc6 Ba1 45. Ke2 Ke6 46. a4 Kd5 47. Nb4+ Ke4 48. axb5 axb5 49. Rc5 h4 50. gxh4 Kxf4 51. Nd3+ Kg4 52. Rxb5 f4 53. Nf2+ Kxh4 54. Kf3 Rc6 55. Ne4 Rc1 56. Kxf4 Rf1+ 57. Ke3 h5 58. Rb7 Re1+ 59. Kf3 Bd4 60. Nd6 Re3+ 61.
Kf4 Rd3 62. Nf5+ Kh3 63. Ke4 Rd1 64. Nxd4 h4 65. Nf3 Rb1 66. Kf4 Rb2 67. b4 Rb1 68.
Kg5 Kg3 69. Nxh4 Kf2 70. Nf5 Kf3 71. Kf6 Ke4 72. Ke6 Rf1 73. Nd6+ Kd4 74. Rc7 Rh1 75. Rc4+ Kd3 76. Kd5 Rh5+ 77. Kc6 Rh6 78. Rc5 Kd4 79. b5 Rh7 80. b6 Rh8 81. b7 Rg8 82. Rc1 Ke5 83.
Nc8 Rg6+ 84. Kb5 Rg2 85. Kb6 Rb2+ 86. Kc7 1-0